 Dungeon Crawl Stone Soup version 0.26.1-11-gd32895ea62 (webtiles) character file.

Game seed: 13704746935998302614

14517 hawla the Destroyer (level 11, -1/86 HPs)
             Began as a Green Draconian Conjurer on June 30, 2021.
             Was a Follower of Vehumet.
             Slain by a yak (10 damage)
             ... on level 10 of the Dungeon on July 2, 2021.
             The game lasted 00:45:59 (15111 turns).

hawla the Destroyer (Green Draconian Conjurer)     Turns: 15111, Time: 00:46:00

Health: -1/86      AC: 10    Str: 12    XL:     11   Next: 89%
Magic:  5/21       EV: 16    Int: 27    God:    Vehumet [*.....]
Gold:   775        SH:  0    Dex: 13    Spells: 16/28 levels left

rFire    . . .     SeeInvis .   k - +4 quarterstaff
rCold    . . .     Faith    .   (shield currently unavailable)
rNeg     . . .     Spirit   .   (armour unavailable)
rPois    +         Reflect  .   (helmet restricted)
rElec    .         Harm     .   x - scarf {+Inv}
rCorr    +         Rampage  .   i - +2 pair of gloves
Will     .....                  (no boots)
Stlth    +++.......             l - amulet of the acrobat
HPRegen  0.24/turn              v - ring of Joleeg {rCorr Str+4 Dex+3}
MPRegen  0.17/turn              t - +6 ring of intelligence

@: no status effects
A: breathe noxious fumes, unfitting armour, big wings, low mp 1, poison
resistance, weak 1, cold-blooded, AC +7
a: Breathe Noxious Fumes, Fly, Renounce Religion, Evoke Invisibility


You were on level 10 of the Dungeon.
You worshipped Vehumet.
Vehumet was aware of your devotion.
You visited 2 branches of the dungeon, and saw 12 of its levels.
You also visited: Sewer.

You collected 775 gold pieces.

Inventory:

Hand Weapons
 k - a +4 quarterstaff (weapon)
Missiles
 c - 26 poisoned darts (quivered)
 y - 8 atropa-tipped darts
 F - 6 javelins
Armour
 i - a +2 pair of gloves (worn)
 x - a scarf of invisibility (worn)
Magical Staves
 C - an uncursed staff of earth
Jewellery
 b - an uncursed ring of protection from fire
 g - an uncursed ring of ice
 j - an uncursed ring of wizardry
 l - an amulet of the acrobat (around neck)
 t - a +6 ring of intelligence (right hand)
 v - the ring of Joleeg (left hand) {rCorr Str+4 Dex+3}
   (You found it on level 9 of the Dungeon)

   [ring of resist corrosion]

   It affects your strength (+4).
   It affects your dexterity (+3).
   It provides partial protection from all sources of acid and corrosion.
 E - an uncursed ring of stealth
Wands
 h - a wand of digging (6)
 w - a wand of flame (40)
 D - a wand of random effects (41)
Scrolls
 d - 4 scrolls of teleportation
 e - 5 scrolls of remove curse
 f - a scroll of torment {unknown}
 q - a scroll of fear
 u - a scroll of fog
 B - a scroll of amnesia
 H - a scroll of summoning {unknown}
 I - a scroll of identify
Potions
 a - 2 potions of brilliance
 m - 2 potions of haste
 n - 4 potions of flight
 o - a potion of might
 p - 4 potions of heal wounds
 r - 3 potions of curing
 s - 2 potions of degeneration
 z - a potion of mutation
 A - a potion of magic
 G - a potion of ambrosia


   Skills:
 + Level 5.1 Fighting
 + Level 2.8 Staves
 + Level 0.8 Throwing
 + Level 7.8 Dodging
 - Level 5.0 Stealth
 - Level 9.0 Spellcasting
 + Level 11.3 Conjurations
 * Level 1.0 Necromancy
 + Level 6.2 Translocations
 * Level 1.0 Earth Magic
 + Level 2.7 Evocations


You had 16 spell levels left.
You knew the following spells:

 Your Spells              Type           Power        Failure   Level
a - Magic Dart            Conj           100%         1%          1
b - Searing Ray           Conj           100%         1%          2
c - Iskenderun's Mystic   Conj/Tloc      56%          1%          4
d - Borgnjor's Vile Clut  Necr/Erth      8%           65%         5

Your spell library contained the following spells:

 Spells                   Type           Power        Failure   Level
 Shock                    Conj/Air       100%         1%          1
 Dazzling Flash           Conj/Hex       84%          1%          3
 Beastly Appendage        Tmut           24%          4%          1
 Summon Small Mammal      Summ           48%          4%          1
 Fulminant Prism          Conj/Hex       21%          4%          4
 Call Imp                 Summ           12%          7%          2
 Ensorcelled Hibernation  Hex/Ice        24%          7%          2
 Wereblood                Tmut           12%          7%          2
 Call Canine Familiar     Summ           12%          14%         3
 Spider Form              Tmut/Pois      6%           14%         3
 Summon Guardian Golem    Hex/Summ       12%          14%         3
 Ice Form                 Ice/Tmut       12%          43%         4
 Summon Ice Beast         Ice/Summ       12%          43%         4
 Summon Lightning Spire   Summ/Air       12%          43%         4
 Blade Hands              Tmut           6%           78%         5
 Silence                  Hex/Air        6%           78%         5
 Shadow Creatures         Summ           N/A          100%        6


Dungeon Overview and Level Annotations

Branches:
Dungeon (11/15)            Temple (1/1) D:5             Orc (0/2) D:10
  Sewer (visited)
   Lair: D:8-11

Altars:
Ashenzari
Cheibriados
Dithmenos
Elyvilon
Fedhas
Gozag
Hepliaklqana
Kikubaaqudgha
Makhleb
Nemelex Xobeh
Okawaru
Qazlal
Ru
Sif Muna
Trog
Uskayaw
Vehumet
Wu Jian
Xom
Yredelemnul
Zin
The Shining One
Jiyva

Annotations:
D:4 2 runed translucent doors, oc3rt's ghost, novice KoHu
D:9 2 transporters, 2bobheroes's ghost, journeyman GnWn


Innate Abilities, Weirdness & Mutations

You can breathe blasts of noxious fumes.
Your lurid green scales are hard. (AC +7)
You cannot fit into any form of body armour.
Your system is resistant to poisons. (rPois)
You are cold-blooded and may be slowed by cold attacks.
Your large and strong wings let you fly indefinitely.
Your magical capacity is low. (-10% MP)
You are weak. (Str -2)


Message History

The yak is moderately wounded.
The yak gores you but does no damage. The yak gores you.
You barely miss the yak.
Your tail-slap misses the yak.
The yak is moderately wounded.
The yak gores you. The yak gores you!! The yak gores you!
* * * LOW HITPOINT WARNING * * *
You hit the yak. You tail-slap the yak.
The yak is moderately wounded.
The yak closely misses you. The yak gores you.
* * * LOW HITPOINT WARNING * * *
You sock the yak!
The yak is heavily wounded.
The yak gores you!
* * * LOW HITPOINT WARNING * * *
The yak closely misses you.
You sock the yak!
You tail-slap the yak, but do no damage.
The yak is severely wounded.
The yak gores you!
You die...

...###)...##..........#..........
..##.......#.......#..##.........
..#..§##...)###....#..........#..
..#.○§○##...##.....#..........###
#.).#.§§#.).##....#........####
##..##....#.###...#........###
#)...##°..#.........#####..#.###
.#.......##.....###.#..........#
.##...)###......@>###.........##
..##)...(.......YY....#........##
......................#..........
###...................##.........
##[<................#..........
#..................##.######..
###.......................##....
##............)<......>....####..
.............................#...


You could see 2 yaks.

Vanquished Creatures
  Harold (D:8)
  4 two-headed ogres
  An unseen horror (D:10)
  An ugly thing (D:10)
  Joseph (D:7)
  Maurice (D:8)
  4 molten gargoyles (D:9)
  Maggie (D:8)
  2 meliai zombies
  16 yaks
  A steam dragon (D:10)
  2 basilisks (D:11)
  An acid dragon (D:11)
  3 water moccasins
  6 orc warriors
  2 sky beasts
  2 ice beasts
  5 phantoms
  A black bear (D:9)
  3 ogres
  2 centaurs (D:7)
  6 big kobolds
  7 bullfrogs
  A scorpion (D:7)
  A water moccasin zombie (D:10)
  A wyvern skeleton (D:7)
  9 killer bees
  A howler monkey (D:6)
  A lava snake (D:9)
  A bullfrog zombie (D:10)
  A centaur zombie (D:8)
  3 hounds
  2 bullfrog skeletons (D:8)
  11 orc priests
  A gnoll shaman (D:4)
  9 orc wizards
  2 iguanas
  8 worker ants
  A human simulacrum (D:10)
  A hound zombie (D:5)
  A howler monkey zombie (D:7)
  A worker ant zombie (D:6)
  15 adders
  5 gnolls (D:4)
  3 shadow imps
  2 white imps
  An ufetubus (D:9)
  An ooze (Sewer)
  2 adder skeletons
  An adder zombie (D:7)
  4 worms
  A dart slug (D:2)
  8 leopard geckos
  21 orcs
  12 bats
  12 giant cockroaches
  9 goblins
  6 hobgoblins
  20 jackals
  49 kobolds
  3 quokkas
  9 ball pythons
  7 frilled lizards
  A leopard gecko skeleton (D:6)
  6 rats
327 creatures vanquished.

Vanquished Creatures (others)
  A human simulacrum (D:10)
  A bat (D:1)
  A bush (D:11)
  2 fungi (D:11)
  30 plants
35 creatures vanquished.

Grand Total: 362 creatures vanquished

Notes
Turn   | Place    | Note
-------+----------+-------------------------------------------
     0 | D:1      | hawla the Draconian Conjurer began the quest for the Orb.
     0 | D:1      | Reached XP level 1. HP: 14/14 MP: 3/3
   222 | D:1      | Reached XP level 2. HP: 22/22 MP: 1/5
   225 | D:1      | Learned a level 2 spell: Searing Ray
   408 | D:1      | Reached skill level 1 in Fighting
   595 | D:1      | Reached skill level 1 in Translocations
   848 | D:1      | Reached XP level 3. HP: 28/28 MP: 3/6
  1215 | D:2      | Reached XP level 4. HP: 35/35 MP: 4/8
  1222 | D:2      | Learned a level 4 spell: Iskenderun's Mystic Blast
  1372 | D:2      | Found a stormy altar of Qazlal.
  2092 | D:3      | Found a glowing drain.
  2139 | Sewer    | Entered a sewer
  2467 | Sewer    | Reached XP level 5. HP: 40/40 MP: 4/9
  2524 | Sewer    | Reached skill level 5 in Conjurations
  2892 | Sewer    | Reached skill level 6 in Conjurations
  2892 | Sewer    | Reached XP level 6. HP: 27/47 MP: 0/10
  4570 | D:4      | Your scales start taking on a lurid green colour.
  4570 | D:4      | Reached XP level 7. HP: 52/52 MP: 4/12
  4570 | D:4      | Gained mutation: Your system is resistant to poisons.
                  | (rPois) [Green Draconian growth]
  4648 | D:4      | Found a large runed translucent door.
  4649 | D:4      | Found a large runed translucent door.
  4661 | D:4      | Noticed oc3rt's ghost (novice KoHu)
  4782 | D:4      | Reached skill level 7 in Conjurations
  5332 | D:5      | Entered Level 5 of the Dungeon
  5491 | D:5      | Gained mutation: You are weak. (Str -2) [potion of
                  | mutation]
  5491 | D:5      | Gained mutation: Your magical capacity is low. (-10% MP)
                  | [potion of mutation]
  5491 | D:5      | Gained mutation: Your large and strong wings let you fly
                  | indefinitely. [potion of mutation]
  5665 | D:5      | Found a bloodstained altar of Trog.
  5787 | D:5      | Found a staircase to the Ecumenical Temple.
  6556 | Temple   | Entered the Ecumenical Temple
  6721 | D:6      | Reached XP level 8. HP: 61/61 MP: 7/13
  6894 | D:6      | Reached skill level 5 in Spellcasting
  7155 | D:6      | Found a broken altar of Ashenzari.
  7337 | D:6      | Reached skill level 1 in Evocations
  7358 | D:6      | Reached XP level 9. HP: 44/68 MP: 0/16
  8033 | D:7      | Reached skill level 5 in Dodging
  8285 | D:7      | Reached skill level 5 in Stealth
  8470 | D:7      | Found a glowing golden altar of the Shining One.
  8583 | D:7      | Noticed Joseph
  8594 | D:7      | Killed Joseph
  9029 | D:8      | Found a hide-covered altar of Uskayaw.
  9117 | D:8      | Reached skill level 8 in Conjurations
  9358 | D:8      | Reached XP level 10. HP: 75/75 MP: 11/19
  9441 | D:8      | Noticed a two-headed ogre
  9458 | D:8      | Killed a two-headed ogre
  9600 | D:8      | Noticed Maggie
  9611 | D:8      | Killed Maggie
  9725 | D:8      | Noticed Harold
  9735 | D:8      | Killed Harold
  9835 | D:8      | Reached skill level 9 in Conjurations
 10003 | D:8      | Noticed Maurice
 10009 | D:8      | Killed Maurice
 10361 | D:8      | Found an opulent altar of Gozag.
 10498 | D:9      | Noticed a two-headed ogre
 10503 | D:9      | Killed a two-headed ogre
 10686 | D:9      | Reached XP level 11. HP: 45/83 MP: 0/21
 11105 | D:9      | Got a heavily runed turquoise ring
 11111 | D:9      | Found a blossoming altar of Fedhas.
 11215 | D:9      | Reached skill level 10 in Conjurations
 11255 | D:9      | Found a sacrificial altar of Ru.
 11258 | D:9      | Found a basalt altar of Yredelemnul.
 11262 | D:9      | Found an ancient bone altar of Kikubaaqudgha.
 11340 | D:9      | Found a radiant altar of Vehumet.
 11342 | D:9      | Noticed a two-headed ogre
 11342 | D:9      | Noticed a two-headed ogre
 11590 | D:9      | Killed a two-headed ogre
 11591 | D:9      | Reached skill level 5 in Translocations
 11601 | D:9      | Became a worshipper of Vehumet
 11609 | D:9      | Killed a two-headed ogre
 11917 | D:9      | Found a transporter.
 11917 | D:9      | Noticed 2bobheroes's ghost (journeyman GnWn)
 11923 | D:9      | Found a transporter.
 11972 | D:9      | Identified the ring of Joleeg {rCorr Str+4 Dex+3} (You
                  | found it on level 9 of the Dungeon)
 12385 | D:9      | Reached skill level 1 in Staves
 13307 | D:10     | Entered Level 10 of the Dungeon
 13342 | D:10     | Noticed a purple ugly thing
 13555 | D:10     | Killed a purple ugly thing
 13556 | D:10     | Reached skill level 11 in Conjurations
 13987 | D:10     | Reached * piety under Vehumet
 13987 | D:10     | Offered knowledge of Shock by Vehumet.
 14102 | D:10     | Killed an unseen horror
 14103 | D:10     | Reached skill level 5 in Fighting
 14262 | D:10     | Found a staircase to the Orcish Mines.
 14673 | D:10     | Learned a level 5 spell: Borgnjor's Vile Clutch
 15099 | D:11     | Reached skill level 1 in Earth Magic
 15100 | D:11     | Noticed a brown ugly thing
 15106 | D:10     | Reached skill level 1 in Necromancy
 15111 | D:10     | Slain by a yak

Illustrated notes

Levels and vault maps discovered:
D:1:      shiori_arrival_oz, layout_loops_ring, chequers_serial_rivers_micro_c,
          minmay_liquid_box, minmay_heptomino_h4
D:2:      layout_basic, lemuel_doored_altar
D:3:      minmay_razor_zed, layout_loops_ring, portal_sewer_entry_e
D:4:      layout_basic, ebering_ghost_disaster_area
D:5:      kennysheep_kobold_camp, layout_loops_ring, overflow_temple_1_default,
          minmay_temple_entry_ruins, chequers_jeans
D:6:      layout_basic, evilmike_ruin_ashenzari, interstate_on_off,
          hangedman_decor_opposing
D:7:      layout_basic, lemuel_crystal_altar, chequers_serial_rivers_small_3,
          minmay_misc_feat_four_crosses, uniq_joseph
D:8:      layout_basic, eat_drink_and_be_merry_uskayaw, grunt_gozag_statues,
          uniq_harold, uniq_maurice, uniq_maggie
D:9:      layout_roguey, kennysheep_little_box, vehumet_altar_wand_db,
          grunt_temple_overflow_diamond, gammafunk_ghost_mausoleum, minivault_8
D:10:     layout_cave_pools, orc_0_dummy, bh_circular_ruins
D:11:     layout_rooms, minmay_lair_entry_grove
Temple:   pf_slimified_temple

Skill      XL: |  1  2  3  4  5  6  7  8  9 10 11 |
---------------+----------------------------------+-----
Fighting       | 1 2 3 5 |  5.1
Translocations | 1 2 3 4 6 |  6.2
Spellcasting   | 3 4 6 8 9 |  9.0
Conjurations   | 6 7 8 9 11 | 11.3
Dodging        | 2 3 4 5 6 7 |  7.8
Stealth        | 2 4 5 |  5.0
Evocations     | 1 2 |  2.7
Staves         | 2 |  2.8
Earth Magic    | 1 |  1.0
Necromancy     | 1 |  1.0
Throwing       | |  0.8

Action                   |  1- 3 |  4- 6 |  7- 9 | 10-12 || total
-------------------------+-------+-------+-------+-------++-------
Melee: Unarmed           |    49 |    43 |    47 |       ||   139
       Tailslap          |     1 |     5 |     5 |     9 ||    20
       Staff             |       |       |    16 |    19 ||    35
       Quarterstaff      |       |       |     1 |    43 ||    44
Throw: Dart              |       |       |     2 |       ||     2
 Cast: Magic Dart        |    19 |    57 |    47 |    32 ||   155
       Searing Ray       |    17 |    33 |    61 |    70 ||   181
       Iskenderun's Myst |       |     1 |    18 |    77 ||    96
 Abil: Breathe Noxious F |       |       |     3 |     6 ||     9
       Fly               |       |       |     1 |       ||     1
       Stop Flying       |       |       |     1 |       ||     1
Evoke: Wand              |       |       |     9 |     3 ||    12
  Use: Scroll            |     6 |     6 |     6 |    11 ||    29
       Potion            |     3 |     1 |     7 |     2 ||    13
 Stab: Confused          |       |       |     2 |       ||     2
       Sleeping          |       |       |       |     1 ||     1
Armor: Skin              |    34 |    26 |    35 |    46 ||   141
Dodge: Dodged            |    51 |    35 |   152 |   218 ||   456
